 Dungeon Crawl Stone Soup version 0.31-a0-889-g1a8549509d (webtiles) character file.

Game seed: 17932891983360462739

205 Forgeling the Ruffian (level 5, -3/35 HPs)
             Began as an Octopode Shapeshifter on Oct 16, 2023.
             Slain by a gnoll
             ... wielding a +0 spear
              (6 damage)
             ... on level 3 of the Dungeon.
             The game lasted 00:05:49 (1544 turns).

Forgeling the Ruffian (Octopode Shapeshifter)       Turns: 1544, Time: 00:05:50

Health: -3/35      AC:  1    Str: 13    XL:     5   Next: 83%
Magic:  5/5        EV: 13    Int: 14    God:
Gold:   84         SH:  0    Dex: 12    Spells: 4/4 levels left

rFire   . .          .
                       - Unarmed
rCold   . . .        (no shield)
rNeg    . . .        (helmet currently unavailable)
rPois   .            (no amulet)
rElec   .            (no ring)
rCorr   .            (no ring)
SInv    .            (no ring)
Will    .....        (no ring)
Stlth   ++           (no ring)
HPRegen 0.25/turn    (no ring)
MPRegen 0.09/turn    (no ring)
                     (no ring)

%: no passive effects
@: brilliant, beast-form
A: beast (slay +1), almost no armour, amphibious, 8 rings, camouflage 1,
gelatinous body 1, (nimble swimmer 1), tentacles
a: Begin Untransformation


You were on level 3 of the Dungeon.
You were a hulking beast.
You visited 1 branch of the dungeon, and saw 3 of its levels.

You collected 84 gold pieces.

Inventory:

Missiles
 d - 2 boomerangs
 t - 5 poisoned darts
Armour
 h - an orb of wrath
Talismans
 b - a beast talisman (active)
 c - a flux talisman
Scrolls
 g - a scroll of fog {unknown}
 k - a scroll of noise {unknown}
 Z - a scroll of identify {@r1}
Potions
 f - a potion of cancellation {unknown}
 j - 2 potions of mutation {unknown}
 l - a potion of berserk rage {unknown}
 B - a potion of brilliance
 J - 3 potions of curing {@q1}
 Q - a potion of magic
 W - a potion of lignification


   Skills:
 + Level 2.7 Fighting
 - Level 2.0 Dodging
 + Level 5.7 Unarmed Combat
 - Level 3.0 Shapeshifting


You had 4 spell levels left.
You didn't know any spells.
Your spell library contained the following spells:

 Spells                   Type           Power      Damage    Failure   Level
 Passage of Golubria      Tloc           0%         N/A       96%         4
 Silence                  Hex/Air        0%         N/A       100%        5
 Lehudib's Crystal Spear  Conj/Erth      0%         10d2      100%        8


Dungeon Overview and Level Annotations

Branches:
Dungeon (3/15)

Altars:
Dithmenos

Annotations:
D:1 1 transporter
D:3 Sigmund


Innate Abilities, Weirdness & Mutations

You are a hulking beast.
Your limbs bulge with bestial killing power. (Slay +1)
You cannot wear most types of armour.
You are amphibious.
You can wear up to eight rings at the same time.
Your skin changes colour to match your surroundings (Stealth+).
Your rubbery body absorbs attacks. (AC +1, EV +1)
((You are camouflaged when in or above water. (Stealth+)))
You have tentacles for arms and can constrict up to eight enemies at once.


Message History

The floor.
Placed new exclusion.
Found a falchion.
A gnoll comes into view. It is wielding a +0 club.
A gnoll comes into view. It is wielding a +0 spear.
A hobgoblin comes into view.
The helpless hobgoblin fails to defend itself.
You tentacle-slap the hobgoblin. You grab the hobgoblin.
The hobgoblin is heavily wounded.
You constrict the hobgoblin. You bludgeon the hobgoblin!
You kill the hobgoblin!
You see here a hobgoblin corpse.
Unknown command.
You see here a +0 falchion.
The gnoll shouts! x2
A gnoll comes into view. It is wielding a +0 spear.
The gnoll shouts!
You see here a +0 falchion.
The gnoll hits you with a +0 club.
You barely miss the gnoll. You grab the gnoll. You constrict the gnoll.
The gnoll escapes!
The gnoll hits you with a +0 club!
The gnoll hits you from afar with a +0 spear.
The gnoll hits you with a +0 club.
* * * LOW HITPOINT WARNING * * *
The gnoll attacks as it pursues you!
The gnoll hits you from afar with a +0 spear!
* * * LOW HITPOINT WARNING * * *
The gnoll attacks as it pursues you! x2
The gnoll hits you from afar with a +0 spear!
* * * LOW HITPOINT WARNING * * *
The gnoll attacks as it pursues you!
Okay, then.
Unknown command.
It was a potion of brilliance.
You feel clever all of a sudden.
B - a potion of brilliance The gnoll hits you from afar with a +0 spear.
You die...

#.####..#.########.........#
#.# ##................###.#
#.# ###.########.###.# #.#
..# ##'## ##.###.###.# ###
##...## #..........#
##.....## #.####...###
##.......## #.#.##...##
.####.........###.....#...##
....'.........ggh........#.#
.####.........###.....##..##
##.......## #.#.#..#.##
##....g#####.###.#..#
##...#....<........#
##'##.######.#.####
######.##.##...#.#.#
#.g..).##.##..†....#
#.#............#.###


You could see 2 gnolls.

Vanquished Creatures
  An orc priest (D:2)
  2 orc wizards (D:2)
  Terence (D:2)
  3 gnolls
  3 adders (D:2)
  A dart slug (D:1)
  3 orcs (D:2)
  2 ball pythons
  4 bats
  5 endoplasms
  5 goblins
  3 hobgoblins
  2 jackals (D:1)
  2 quokkas
  4 frilled lizards
  3 kobolds
  7 rats
51 creatures vanquished.

Notes
Turn   | Place    | Note
-------+----------+-------------------------------------------
     0 | D:1      | Forgeling the Octopode Shapeshifter began the quest for the
                  | Orb.
     0 | D:1      | Reached XP level 1. HP: 13/13 MP: 1/1
   133 | D:1      | Found a faded altar of an unknown god.
   174 | D:1      | Reached XP level 2. HP: 18/18 MP: 2/2
   380 | D:1      | Reached skill level 4 in Unarmed Combat
   386 | D:1      | Reached XP level 3. HP: 22/23 MP: 3/3
   816 | D:2      | Reached XP level 4. HP: 28/28 MP: 4/4
   884 | D:1      | Reached skill level 5 in Unarmed Combat
  1023 | D:2      | Noticed Terence
  1070 | D:2      | Killed Terence
  1071 | D:2      | Reached XP level 5. HP: 25/34 MP: 5/5
  1385 | D:3      | Found a shadowy altar of Dithmenos.
  1429 | D:3      | Noticed Sigmund
  1544 | D:3      | Slain by a gnoll

Illustrated notes

Levels and vault maps discovered:
D:1:      spicycebolla_arrival_risky_transporter, layout_rooms,
          ebering_ecumenical_altar_mist, serial_corexii_hall,
          corexii_hall_statues_x, corexii_hall_statues_x
D:2:      cheibrodos_pilgrimage, layout_basic, uniq_terence
D:3:      layout_loops_corners, general_overflow_altar, st_stairs_6,
          uniq_sigmund, uniq_ijyb

Skill      XL: |  1  2  3  4  5 |
---------------+----------------+-----
Unarmed Combat | 4 5 |  5.7
Fighting       | 2 |  2.7
Dodging        | |  2.0
Shapeshifting  | |  3.0

Action                     |  1- 3 |  4- 6 || total
---------------------------+-------+-------++-------
  Melee: Unarmed           |    58 |    43 ||   101
         Punch             |     2 |     1 ||     3
         Tentacles         |    10 |    12 ||    22
         Constrict         |     9 |    11 ||    20
    Use: Scroll            |       |     2 ||     2
         Potion            |       |     1 ||     1
   Stab: Sleeping          |     7 |     1 ||     8
 Armour: Skin              |    20 |    22 ||    42
  Dodge: Dodged            |    32 |    24 ||    56

Table legend: (Time is in decaauts)
 A = Elapsed time spent in this place.
 B = Non-inter-level travel time spent in this place.
 C = Inter-level travel time spent in this place.
 D = Time resting spent in this place.
 E = Time spent auto-exploring this place.
 F = Levels seen in this place.
 G = Mean time per level.
                   A        B        C        D        E       F      G
               +--------+--------+--------+--------+--------+-----+--------+
         Total |   1537 |   1501 |     36 |     53 |    973 |   3 |  512.3 |
       Dungeon |   1537 |   1501 |     36 |     53 |    973 |   3 |  512.3 |
               +--------+--------+--------+--------+--------+-----+--------+

Top non-repeatable levels by time:
     D:2: 690 daAuts
     D:1: 663 daAuts
     D:3: 183 daAuts
